 Dungeon Crawl Stone Soup version 0.18.1-1-g2f07953 (webtiles) character file.

27647 shmeve the Blocker (level 13, 0/119 HPs)
             Began as a Minotaur Fighter on May 7, 2016.
             Was a High Priest of Trog.
             Slain by a hippogriff (6 damage)
             ... on level 6 of the Lair of Beasts.
             The game lasted 00:33:31 (14142 turns).

shmeve the Blocker (Minotaur Fighter)              Turns: 14142, Time: 00:33:31

Health: 0/119      AC: 15    Str: 27    XL:     13   Next: 5%
Magic:  12/12      EV: 12    Int:  5    God:    Trog [*****.]
Gold:   884        SH: 13    Dex: 12    Spells: 0 memorised, 12 levels left

rFire  . . .     SeeInvis .     B - +6 broad axe (chop)
rCold  . . .     Gourm    +     F - +1 chain mail of Moydoom {rPois}
rNeg   . . .     Faith    .     c - +0 shield
rPois  +         Spirit   .     (helmet restricted)
rElec  .         Dismiss  .     u - +0 cloak
rCorr  .         Reflect  .     v - +0 pair of gloves
SustAt .         Harm     .     (no boots)
MR     +....                    q - amulet of the gourmand
Stlth  ..........               o - +3 ring of strength
                                n - ring of protection from magic

@: exhausted, slowed, very slow, somewhat resistant to hostile enchantments,
extremely unstealthy
A: retaliatory headbutt, horns 2
a: Berserk, Trog's Hand, Brothers in Arms, Burn Spellbooks, Renounce Religion


You were on level 6 of the Lair of Beasts.
You worshipped Trog.
Trog was extremely pleased with you.
You were completely stuffed.

You visited 3 branches of the dungeon, and saw 16 of its levels.
You also visited: Labyrinth and Ossuary.

You collected 972 gold pieces.
You spent 88 gold pieces at shops.

Inventory:

Hand Weapons
 B - a +6 broad axe of chopping (weapon)
Missiles
 P - 4 poisoned javelins (quivered)
 R - 3 javelins of penetration
Armour
 c - a +0 shield (worn)
 u - a +0 cloak (worn)
 v - a +0 pair of gloves (worn)
 F - the +1 chain mail of Moydoom (worn) {rPois}
   (You found it on level 5 of the Lair of Beasts)

   It protects you from poison.
Jewellery
 n - a ring of protection from magic (left hand)
 o - a +3 ring of strength (right hand)
 q - an amulet of the gourmand (around neck)
Scrolls
 i - 5 scrolls of remove curse {unknown}
 j - 3 scrolls of enchant armour {unknown}
 k - 10 scrolls of identify {unknown}
 l - 6 scrolls of teleportation {unknown}
 m - 3 scrolls of fog {unknown}
 p - 3 scrolls of random uselessness {unknown}
 y - 2 scrolls of fear {unknown}
 z - 4 scrolls of amnesia {unknown}
 C - 9 scrolls of recharging {unknown}
 G - 2 scrolls of holy word {unknown}
 H - a scroll of blinking {unknown}
 M - a scroll of summoning {unknown}
 O - a scroll of enchant weapon {unknown}
 Q - a scroll of noise {unknown}
 W - 2 scrolls of immolation {unknown}
Potions
 b - 5 potions of heal wounds {unknown}
 d - a potion of might
 e - a potion of brilliance {unknown}
 g - 10 potions of curing {unknown}
 h - 3 potions of degeneration {unknown}
 s - a potion of lignification {unknown}
 t - 2 potions of agility {unknown}
 w - 2 potions of flight {unknown}
 x - 3 potions of haste
 A - 2 potions of mutation {unknown}
 K - a potion of cure mutation {unknown}
 S - a potion of ambrosia {unknown}
 T - a potion of resistance {unknown}
 U - a potion of invisibility {unknown}
Comestibles
 a - 11 slices of pizza
 f - 11 bread rations
 r - 6 meat rations
 D - 2 chunks of flesh
 E - 26 fruits
 J - 8 beef jerkies


   Skills:
 * Level 12.6 Fighting
 * Level 12.6 Axes
 + Level 7.3 Throwing
 + Level 9.9 Armour
 + Level 8.2 Dodging
 * Level 12.9 Shields


You had 12 spell levels left.
You didn't know any spells.

Dungeon Overview and Level Annotations

Branches:
Dungeon (9/15)             Temple (1/1) D:4            Lair (6/8) D:8
  Slime (0/6) Lair:6
  Swamp: Lair:3-6    Shoals: Lair:3-6     Snake: Lair:3-6    Spider: Lair:3-6
    Orc: D:9-12

Altars:
Ashenzari
Cheibriados
Dithmenos
Elyvilon
Fedhas
Gozag
Kikubaaqudgha
Makhleb
Nemelex Xobeh
Okawaru
Pakellas
Qazlal
Ru
Sif Muna
Trog
Vehumet
Xom
Yredelemnul
Zin
The Shining One

Shops:
D:5 *


Innate Abilities, Weirdness & Mutations

You reflexively headbutt those who attack you in melee.
You have a pair of horns on your head.


Message History

You see here a meat ration.
Your unstable footing causes you to fumble your attack.
You block the swamp worm's attack. You block the hippogriff's attack.
The hippogriff pecks you but does no damage.
The hippogriff barely misses you. The swamp worm bites you!
* * * LOW HITPOINT WARNING * * *
The hippogriff bites you.
* * * LOW HITPOINT WARNING * * *
The hippogriff pecks you but does no damage.
The hippogriff claws you but does no damage.
Your unstable footing causes you to fumble your attack.
The swamp worm bites you!
* * * LOW HITPOINT WARNING * * *
You block the hippogriff's attack. x2; The hippogriff closely misses you.
The swamp worm closely misses you. You furiously retaliate!
You headbutt the swamp worm!
Your unstable footing causes you to fumble your attack.
The hippogriff barely misses you. The hippogriff closely misses you.
The hippogriff claws you.
You die...

#####.#####.#. ##.
##...#..#....... .... .#
##≈≈≈.≈≈.≈≈...≈#≈ ....
..###≈....≈≈#≈≈#...≈≈###...
...#P.P..≈≈≈≈≈≈≈#.≈≈≈≈..≈P.
........#≈≈≈≈≈≈≈≈≈≈≈≈......
.........?≈≈≈≈≈≈≈≈≈≈≈...≈..
........#$@H≈≈≈.≈≈#≈≈≈..≈..
.... #≈.≈.≈w≈≈≈#≈≈≈≈≈≈≈≈.÷..
...$.#.≈.≈≈≈.≈≈≈≈≈≈≈≈#≈≈....
+.#.##≈..#≈≈.≈≈≈≈≈≈.†≈.....
#...#.#≈.≈≈...≈≈.≈.≈≈..≈#..
#......≈.##≈≈.≈≈≈.≈.≈≈.≈≈≈#
#........#..≈≈≈≈.≈≈≈≈≈≈≈.P#
##......≈≈≈≈≈≈≈≈≈.≈≈≈≈≈.≈≈≈#
..........≈≈≈≈≈.≈≈≈≈≈≈≈≈...#


You could see a hippogriff and a swamp worm.

Vanquished Creatures
  The ghost of Charmandara the Earth Mage, a journeyman DDEE of Makhleb (Lair:1)
  A minotaur (Lab)
  5 hydras
  A death yak (D:8)
  2 swamp dragons (Lair:6)
  2 black mambas
  Maurice (D:8)
  Joseph (D:8)
  A torpor snail (Lair:4)
  10 spiny frogs
  A rime drake (Lair:2)
  7 komodo dragons
  13 blink frogs
  A slime creature (Lair:6)
  Sigmund (D:4)
  A redback (Lab)
  2 spriggans (Lair:5)
  A shadow (Lab)
  12 yaks
  A wyvern (D:8)
  A human (D:7)
  5 hippogriffs
  A fire elemental (Lair:2)
  4 swamp worms (Lair:6)
  5 water moccasins
  9 porcupines
  2 swamp drakes (Lair:6)
  3 orc warriors
  A sky beast (D:7)
  3 phantoms
  3 black bears
  An ice beast (D:6)
  15 wolves
  A centaur (D:8)
  A necrophage (D:7)
  8 crocodiles
  15 giant frogs
  A scorpion (D:5)
  3 killer bees (D:8)
  A howler monkey (D:7)
  3 electric eels
  2 crimson imps
  3 centaur zombies (Ossuary)
  A quasit (D:7)
  A giant frog zombie (D:7)
  5 hounds
  6 orc wizards
  3 centaur skeletons
  4 orc priests
  A giant frog skeleton (D:5)
  5 worker ants
  6 iguanas
  31 sheep
  2 killer bee zombies
  5 big kobold zombies (Ossuary)
  A hound zombie (D:6)
  2 hound skeletons
  4 mummies (Ossuary)
  3 gnolls (D:8)
  9 adders
  49 river rats
  2 shadow imps
  An ooze (D:4)
  A worm (D:2)
  2 dart slugs
  7 giant geckos
  20 orcs
  7 bats
  10 giant cockroaches
  A gnoll zombie (D:8)
  7 goblins
  6 hobgoblins
  6 jackals
  2 quokkas (D:8)
  2 ball pythons (D:2)
  13 giant newts
  A hobgoblin zombie (Ossuary)
  3 kobolds
  An orc zombie (D:8)
  A quokka skeleton (D:5)
  8 rats
  A rat zombie (D:8)
  3 fungi (Lair:4)
  A plant (Lair:6)
400 creatures vanquished.

Vanquished Creatures (others)
  A fire vortex (Lair:2)
  4 plants (Lair:5)
5 creatures vanquished.

Grand Total: 405 creatures vanquished

Notes
Turn   | Place    | Note
--------------------------------------------------------------
     0 | D:1      | shmeve the Minotaur Fighter began the quest for the Orb.
     0 | D:1      | Reached XP level 1. HP: 19/19 MP: 0/0
   153 | D:1      | Reached XP level 2. HP: 26/27 MP: 1/1
   399 | D:1      | Found a glowing golden altar of the Shining One.
   820 | D:2      | Reached XP level 3. HP: 29/33 MP: 2/2
  1112 | D:2      | Found a radiant altar of Vehumet.
  1315 | D:2      | Reached skill level 1 in Dodging
  1337 | D:2      | Reached skill level 1 in Throwing
  1337 | D:2      | Reached XP level 4. HP: 22/40 MP: 3/3
  2238 | D:3      | Reached XP level 5. HP: 46/46 MP: 4/4
  2466 | D:3      | Found a deep blue altar of Sif Muna.
  2598 | D:4      | Noticed Sigmund
  2610 | D:4      | Killed Sigmund
  2610 | D:4      | Reached skill level 5 in Shields
  2610 | D:4      | Reached XP level 6. HP: 39/53 MP: 5/5
  2667 | D:4      | Found a staircase to the Ecumenical Temple.
  2704 | D:4      | Found a shimmering altar of Xom.
  2819 | Temple   | Entered the Ecumenical Temple
  3171 | D:4      | Reached skill level 5 in Fighting
  3894 | D:5      | Entered Level 5 of the Dungeon
  3901 | D:5      | Reached XP level 7. HP: 56/61 MP: 6/6
  3959 | D:5      | Reached skill level 5 in Armour
  3973 | D:5      | Found a sparkling altar of Nemelex Xobeh.
  3973 | D:5      | Found a bloodstained altar of Trog.
  4028 | D:5      | Became a worshipper of Trog the Wrathful
  4063 | D:5      | Reached skill level 5 in Axes
  4269 | D:5      | Found Plog's Assorted Antiques.
  4277 | D:5      | Bought a glowing broad axe for 88 gold pieces
  4616 | D:6      | Reached XP level 8. HP: 70/70 MP: 7/7
  4677 | D:6      | HP: 3/70 [orc/falchion (5)]
  4678 | D:6      | Reached * piety under Trog
  5170 | D:6      | Found a basalt altar of Yredelemnul.
  5173 | D:6      | Found an iron altar of Okawaru.
  5701 | D:6      | You fall through a shaft for 3 floors!
  5728 | D:8      | Found a sand-covered staircase.
  5730 | D:8      | Noticed Joseph
  5741 | D:8      | Noticed a death yak
  5748 | D:8      | Killed a death yak
  5748 | D:8      | Reached XP level 9. HP: 79/79 MP: 8/8
  5755 | D:8      | Killed Joseph
  5755 | D:8      | Reached ** piety under Trog
  5808 | Ossuary  | Entered an ossuary
  6172 | D:8      | Noticed Maurice
  6183 | D:8      | Killed Maurice
  6555 | D:7      | Reached XP level 10. HP: 90/90 MP: 9/9
  6556 | D:7      | Found a glowing golden altar of the Shining One.
  6585 | D:7      | Reached skill level 5 in Dodging
  6849 | D:7      | Found a stormy altar of Qazlal.
  7336 | D:8      | Found a staircase to the Lair.
  7468 | D:8      | Reached *** piety under Trog
  7717 | D:8      | Found a blossoming altar of Fedhas.
  7785 | Lair:1   | Entered Level 1 of the Lair of Beasts
  7884 | Lair:1   | Noticed a spiny frog
  7894 | Lair:1   | Killed a spiny frog
  7894 | Lair:1   | Reached skill level 5 in Throwing
  8212 | Lair:1   | Noticed Charmandara's ghost (journeyman DDEE)
  8222 | Lair:1   | Killed Charmandara's ghost
  8222 | Lair:1   | Reached skill level 10 in Fighting
  8222 | Lair:1   | Reached skill level 10 in Shields
  8262 | Lair:1   | Noticed a spiny frog
  8270 | Lair:1   | Killed a spiny frog
  8270 | Lair:1   | Reached XP level 11. HP: 71/99 MP: 10/10
  8347 | Lair:1   | Found a sacrificial altar of Ru.
  8394 | Lair:1   | Noticed an eight-headed hydra
  8400 | Lair:1   | Killed an 11-headed hydra
  8400 | Lair:1   | Reached skill level 10 in Axes
  8510 | Lair:1   | Received a gift from Trog
  9024 | Lair:2   | Reached **** piety under Trog
  9229 | Lair:2   | Received a gift from Trog
  9916 | Lair:3   | Received a gift from Trog
 10196 | Lair:3   | Reached XP level 12. HP: 92/110 MP: 11/11
 10469 | Lair:4   | Reached ***** piety under Trog
 10705 | Lair:4   | Received a gift from Trog
 10850 | Lair:4   | Noticed an eight-headed hydra
 10856 | Lair:4   | Killed an eight-headed hydra
 10964 | Lair:4   | Noticed a six-headed hydra
 10977 | Lair:4   | Killed a seven-headed hydra
 11851 | Lair:5   | Noticed an eight-headed hydra
 11861 | Lair:5   | Killed a ten-headed hydra
 12056 | Lair:5   | Found a labyrinth entrance.
 12073 | Lab      | Entered a labyrinth
 12134 | Lab      | Noticed a minotaur
 12146 | Lab      | Killed a minotaur
 12146 | Lab      | Received a gift from Trog
 12175 | Lab      | Got an ichor-stained storm dragon armour
 12181 | Lab      | Identified the +0 storm dragon armour of a ziggurat {rElec Str+4 Int-5} (You found it in a labyrinth)
 12181 | Lab      | Lost intelligence.
 12999 | Lair:5   | Got a dazzling chain mail
 13014 | Lair:5   | Identified the +1 chain mail of Moydoom {rPois} (You found it on level 5 of the Lair of Beasts)
 13253 | Lair:5   | Found an iron altar of Okawaru.
 13596 | Lair:6   | Found a staircase to the Slime Pits.
 14093 | Lair:6   | Reached XP level 13. HP: 92/119 MP: 12/12
 14142 | Lair:6   | Slain by a hippogriff

Skill      XL: |  1  2  3  4  5  6  7  8  9 10 11 12 |
---------------+-------------------------------------+-----
Armour         | 4 5 6 7 8 9 |  9.9
Axes           | 3 4 5 7 8 9 11 12 | 12.6
Shields        | 4 5 6 7 9 10 11 12 | 12.9
Dodging        | 1 2 3 4 6 7 8 |  8.2
Throwing       | 1 2 3 4 5 6 7 |  7.3
Fighting       | 4 5 6 7 8 10 11 12 | 12.6

Action                   |  1- 3 |  4- 6 |  7- 9 | 10-12 | 13-15 || total
-------------------------+-------+-------+-------+-------+-------++-------
Melee: War axe           |    79 |   121 |    49 |       |       ||   249
       Headbutt          |     4 |    22 |    41 |   108 |     3 ||   178
       Broad axe         |       |       |   150 |   524 |     7 ||   681
Throw: Javelin           |       |       |       |    21 |     4 ||    25
Invok: Berserk           |       |       |     2 |     5 |     1 ||     8
       Burn Spellbooks   |       |       |       |     2 |       ||     2
  Eat: Chunk             |     1 |     5 |    23 |    28 |     2 ||    59
       Pizza             |       |     1 |       |       |       ||     1
       Royal jelly       |       |       |       |     1 |       ||     1
Armor: Scale mail        |    66 |    20 |       |       |       ||    86
       Chain mail        |       |    37 |    91 |    31 |    15 ||   174
       Plate armour      |       |       |       |   228 |       ||   228
Dodge: Dodged            |    37 |    28 |    59 |   168 |    16 ||   308
Block: Shield            |    60 |    63 |   127 |   379 |    14 ||   643
